Map: Neon Violet Square LE

Players

axu - Winner!

  • Race: Protoss Protoss
  • League: Platinum
  • Spawn Location: 11:00

A.I. 1 (Easy)

  • Race: Zerg Zerg
  • Spawn Location: 5:00

VOD

Have the link to the VOD?

Description

Time

  • Played on: April 13, 2018, 3:51 p.m.
  • Length: 6:52
Show
View Real Time Build Order
Export as new Build Order

axu Protoss - Winner!

Build Orders: 1 Gate Expand 

Get SALT Encoding   

  12  0:01  Probe  
  13  0:14  Probe  
  14  0:26  Pylon  
  14  0:27  Probe  
  15  0:44  Gateway, Probe  
  16  0:56  Probe (Chrono Boost)  
  17  0:57  Assimilator  
  17  1:08  Probe (Chrono Boost)  
  18  1:15  Probe (Chrono Boost)  
  19  1:26  Probe  
  19  1:30  Nexus  
  20  1:49  Cybernetics Core  
  20  1:56  Gateway  
  20  2:01  Assimilator  
  20  2:04  Pylon  
  20  2:06  Probe  
  21  2:18  Probe (Chrono Boost)  
  22  2:26  Adept  
  22  2:29  Warp Gate  
  25  2:30  Probe (Chrono Boost)  
  25  2:35  Probe (Chrono Boost)  
  26  2:42  Probe  
  27  2:44  Adept  
  27  2:51  Twilight Council  
  29  2:52  Probe  
  29  2:54  Probe  
  31  3:05  Probe  
  32  3:06  Pylon, Probe  
  33  3:17  Adept, Probe  
  33  3:18  Probe  
  37  3:23  Adept  
  39  3:29  Probe  
  39  3:30  Probe  
  41  3:37  Resonating Glaives (Chrono Boost)  
  41  3:41  Probe  
  42  3:43  Probe  
  42  3:46  Pylon  
  43  3:51  Adept  
  43  3:53  Probe  
  43  3:55  Adept, Probe  
  49  4:05  Probe  
  49  4:07  Probe  
  51  4:11  Pylon  
  51  4:16  Robotics Facility  
  51  4:17  Probe  
  51  4:18  Assimilator  
  51  4:20  Assimilator  
  52  4:27  Gateway  
  52  4:31  Gateway  
  52  4:34  Probe x2  
  54  4:46  Probe x2  
  54  4:52  Adept x2  
  60  5:08  Pylon  
  60  5:10  Pylon  
  60  5:11  Probe x2  
  60  5:13  Pylon  
  62  5:17  Adept x2  
  66  5:25  Probe  
  66  5:26  Probe  
  66  5:27  Adept x2  
  72  5:31  Immortal (Chrono Boost)  
  74  5:59  Adept x2  
  74  6:00  Adept  
  80  6:14  Gateway  
Show
View Real Time Build Order
Export as new Build Order

A.I. 1 (Easy) Zerg 

Build Orders: Pool First 

Get SALT Encoding   

  12  0:01  Drone  
  13  0:12  Overlord  
  13  0:18  Drone  
  14  0:31  Drone  
  14  0:35  Drone  
  16  0:42  Spawning Pool  
  15  0:45  Drone  
  15  0:48  Extractor  
  15  0:51  Drone  
  16  0:59  Overlord  
  16  1:31  Queen, Zergling x2  
  19  1:34  Drone, Roach Warren  
  19  1:49  Zergling x2  
  20  1:55  Overlord  
  20  2:05  Drone  
  21  2:10  Drone  
  21  2:15  Roach  
  24  2:25  Drone  
  25  2:36  Drone  
  26  2:38  Roach  
  26  2:40  Drone  
  26  2:41  Overlord  
  29  2:48  Drone  
  30  2:59  Roach  
  32  4:46  Drone, Extractor  
  32  4:47  Lair  
  32  4:50  Drone  
  33  5:09  Drone  
  33  5:13  Drone  
  35  5:14  Overlord  
  35  5:17  Drone  
  35  5:46  Hydralisk Den, Overseer  
  35  5:47  Overseer  
  34  5:54  Zergling x2  
  35  6:00  Drone  
  28  6:04  Drone  
  28  6:06  Queen  
  28  6:09  Roach, Drone  
  12  6:13  Drone  
  12  6:17  Drone  
  12  6:18  Hatchery  
  8  6:22  Drone  
  8  6:23  Zergling x2  
Tags
 
Add a new tag
Caveats
  • Supply blocks, unpowered buildings, or Contaminate may cause inaccurate times.
  • Supply counts are checked every 10 seconds.